 Dungeon Crawl Stone Soup version 0.30-a0-930-gb9d0489357 (webtiles) character file.

Game seed: 15837902766769354917

56 QwertyIsDirtey the Shield-Bearer (level 3, 0/33 HPs)
             Began as a Minotaur Fighter on Mar 23, 2023.
             Slain by a gnoll
             ... wielding a +0 halberd
              (3 damage)
             ... on level 3 of the Dungeon.
             The game lasted 00:10:04 (1536 turns).

QwertyIsDirtey the Shield-Bearer (Minotaur Fighter) Turns: 1536, Time: 00:10:05

Health: 0/33       AC:  7    Str: 20    XL:     3   Next: 71%
Magic:  2/2        EV:  9    Int:  5    God:
Gold:   79         SH:  5    Dex: 11    Spells: 2/2 levels left

rFire   . . .      SeeInvis .    a - +0 long sword
rCold   . . .      Faith    .    c - +0 buckler
rNeg    . . .      Spirit   .    b - +0 scale mail
rPois   .          Reflect  .    (helmet restricted)
rElec   .          Rampage  .    (no cloak)
rCorr   .                        (no gloves)
Will    .....                    (no boots) Stlth
                                 (no amulet)
HPRegen 0.25/turn                (no ring)
MPRegen 0.08/turn                (no ring)

@: lethally poisoned (0 -> -2)
A: horns 2, retaliatory headbutt
a: no special abilities


You were on level 3 of the Dungeon.
You visited 1 branch of the dungeon, and saw 3 of its levels.

You collected 79 gold pieces.

Inventory:

Hand Weapons
 a - a +0 long sword (weapon)
 h - a +0 hand axe
 k - a +0 club
 n - a +0 dagger
 q - a +0 dagger
 r - a +0 club
 t - a +0 club
 u - a +0 dagger
 A - a +0 short sword
 C - a +0 whip
 D - a +0 dagger
Missiles
 f - 6 poisoned darts (quivered)
Armour
 b - a +0 scale mail (worn)
 c - a +0 buckler (worn)
 g - a +0 leather armour
 m - a +0 robe
 p - a +0 robe
 v - the +1 helmet "Peuxet" {rPois MP+9 SInv Stlth+}
   (You found it on level 3 of the Dungeon)

   rPois:     It protects you from poison.
   MP:        It affects your magic capacity (+9).
   SInv:      It lets you see invisible.
   Stlth:     It makes you more stealthy.
 x - a +0 ring mail
 H - a +0 leather armour
Jewellery
 e - an amulet of reflection
 z - a ring of protection from cold
 B - an amulet of the acrobat
Scrolls
 i - 3 scrolls of teleportation {unknown}
 j - a scroll of immolation {unknown}
 y - a scroll of noise {unknown}
 E - a scroll of identify {unknown}
 F - a scroll of fog {unknown}
 G - a scroll of enchant weapon {unknown}
Potions
 d - a potion of might
 l - 2 potions of invisibility {unknown}
 o - a potion of degeneration {unknown}
 s - a potion of heal wounds {unknown}
 w - a potion of lignification {unknown}


   Skills:
 + Level 3.9 Fighting
 + Level 3.1 Long Blades
 + Level 4.2 Armour
 + Level 0.4 Dodging
 + Level 4.4 Shields


You had 2 spell levels left.
You didn't know any spells.
Your spell library contained the following spells:

 Spells                   Type           Power      Damage    Failure   Level
 Ignite Poison            Fire/Tmut/Pois 0%         N/A       99%         3
 Sticky Flame             Conj/Fire      0%         2d3       100%        4
 Ignition                 Fire           0%         3d3       100%        8


Dungeon Overview and Level Annotations

Branches:
Dungeon (3/15)

Altars:

Annotations:
D:3 1 transporter, cforsyth's ghost, amateur HuFi


Innate Abilities, Weirdness & Mutations

You have a pair of horns on your head.
You reflexively headbutt those who attack you in melee.


Message History

The gnoll misses you. You block the gnoll's attack.
You are too injured to fight recklessly!
Unknown command.
You are too injured to fight recklessly!
You are too injured to fight recklessly!
You are too injured to fight recklessly!
You are too injured to fight recklessly!
You are too injured to fight recklessly!
You are too injured to fight recklessly!
You are too injured to fight recklessly!
Unknown command.
Unknown command.
Unknown command.
Unknown command.
Unknown command.
Unknown command.
Unknown command.
Unknown command.
The gnoll attacks as you move away! You block the gnoll's attack.
You feel sick.
The gnoll bouda hits you but does no damage.
The gnoll hits you with a +0 flail.
* * * LOW HITPOINT WARNING * * *
You can't wear that with your horns!
You start putting on your amulet.
You continue putting on your amulet of reflection.
* * * LOW HITPOINT WARNING * * *
You feel sick.
The gnoll bouda mumbles some strange prayers to its god.
The gnoll bouda is healed somewhat.
The gnoll closely misses you. You furiously retaliate!
You headbutt the gnoll.
The gnoll hits you from afar with a +0 halberd.
Keep equipping yourself? [Y]es or [N]o only, please.
Keep equipping yourself?
Uppercase [Y]es or [N]o only, please.
Keep equipping yourself? [Y]es or [N]o only, please.
Keep equipping yourself?
You die...

............................#
.........(.........#.####...#
...................#..###...#
............................#
........≈≈≈≈≈≈≈≈~≈≈≈≈≈≈≈≈...##
........≈≈≈≈≈≈≈≈~≈≈≈≈≈≈≈≈....#
........≈≈####.....####≈≈....#
........≈≈#..#8###8#..#≈≈....#
<.......≈≈#..###@###..#≈≈....#
........≈≈#....ggg....#≈≈...##
........≈≈###.##g##.###≈≈..##
........≈≈..#.#.gg#.#..≈≈..#
.######.≈≈.##.'?..'.##.≈≈..#
.# #.≈≈.#..#...#..#.≈≈..# .###
#.≈≈.##.##.##.##.≈≈..# ...#
#.≈≈..#.#...#.#......# ...#
#.~~.©#.'.©.'.#§.....#


You could see a gnoll bouda and 5 gnolls.

Vanquished Creatures
  A gnoll (D:3)
  An adder (D:3)
  2 dart slugs
  2 endoplasms (D:1)
  A giant cockroach (D:3)
  5 goblins
  3 hobgoblins
  5 kobolds
  A quokka (D:3)
  6 ball pythons
  4 rats (D:1)
31 creatures vanquished.

Vanquished Creatures (others)
  6 plants (D:3)
6 creatures vanquished.

Grand Total: 37 creatures vanquished

Notes
Turn   | Place    | Note
-------+----------+-------------------------------------------
     0 | D:1      | QwertyIsDirtey the Minotaur Fighter began the quest for the
                  | Orb.
     0 | D:1      | Reached XP level 1. HP: 19/19 MP: 0/0
   287 | D:1      | Reached XP level 2. HP: 21/27 MP: 1/1
   940 | D:2      | You fall into a shaft and drop 1 floor!
   991 | D:3      | Identified the +1 helmet "Peuxet" {rPois MP+9 SInv Stlth+}
   995 | D:3      | Reached XP level 3. HP: 31/33 MP: 2/2
  1293 | D:3      | Found a transporter.
  1332 | D:3      | Noticed cforsyth's ghost (amateur HuFi)
  1404 | D:3      | Found a transporter.
  1536 | D:3      | Slain by a gnoll

Illustrated notes

Levels and vault maps discovered:
D:1:      dpeg_arrival_arbitrary_b, layout_basic
D:2:      layout_basic, serial_bayou_lagoon_b
D:3:      layout_basic, gammafunk_ghost_gnarly_gnolls

Skill      XL: |  1  2  3 |
---------------+----------+-----
Shields        | 4 |  4.4
Armour         | 4 |  4.2
Long Blades    | 3 |  3.1
Fighting       | |  3.9
Dodging        | |  0.4

Action                     || total
---------------------------++-------
  Melee: Long sword        ||    48
         Headbutt          ||    11
 Armour: Scale mail        ||    49
  Dodge: Dodged            ||    59
  Block: Buckler           ||    41

Table legend: (Time is in decaauts)
 A = Elapsed time spent in this place.
 B = Non-inter-level travel time spent in this place.
 C = Inter-level travel time spent in this place.
 D = Time resting spent in this place.
 E = Time spent auto-exploring this place.
 F = Levels seen in this place.
 G = Mean time per level.
                   A        B        C        D        E       F      G
               +--------+--------+--------+--------+--------+-----+--------+
         Total |   1552 |   1430 |    122 |      0 |      0 |   3 |  517.3 |
       Dungeon |   1552 |   1430 |    122 |      0 |      0 |   3 |  517.3 |
               +--------+--------+--------+--------+--------+-----+--------+

Top non-repeatable levels by time:
     D:1: 928 daAuts
     D:3: 604 daAuts
     D:2: 19 daAuts
